 Dungeon Crawl Stone Soup version 0.23.2-1-ga50397a (webtiles) character file.

Game seed: 13494821023780361493

3332 IBeShadow the Quickloader (level 10, 0/64 HPs)
             Began as a Kobold Hunter on Apr 29, 2019.
             Was a Follower of Okawaru.
             Slain by Grum
             ... wielding a -1 spear of flaming
              (4 damage)
             ... on level 8 of the Dungeon.
             The game lasted 00:32:33 (12584 turns).

IBeShadow the Quickloader (Kobold Hunter)          Turns: 12584, Time: 00:32:33

Health: 0/64       AC:  6    Str: 12    XL:     10   Next: 22%
Magic:  12/12      EV: 16    Int: 14    God:    Okawaru [*.....]
Gold:   482        SH:  0    Dex: 15    Spells: 9/9 levels left

rFire    . . .     SeeInvis +   J - +2 long sword (elec)
rCold    . . .     Gourm    .   (shield restricted)
rNeg     . . .     Faith    .   g - +0 ring mail
rPois    .         Spirit   .   (no helmet)
rElec    .         Reflect  .   M - +0 cloak
rCorr    .         Harm     .   (no gloves)
MR       .....                  (no boots)
Stlth    +.........             (no amulet)
HPRegen  0.20/turn              m - +3 ring of evasion
MPRegen  0.13/turn              h - ring of see invisible

@: no status effects
A: small, carnivore
a: Heroism, Renounce Religion


You were on level 8 of the Dungeon.
You worshipped Okawaru.
Okawaru was aware of your devotion.
You were completely stuffed.

You visited 2 branches of the dungeon, and saw 9 of its levels.
You also visited: Ossuary and Bailey.

You collected 599 gold pieces.
You spent 117 gold pieces at shops.

Inventory:

Hand Weapons
 a - a +1 hand crossbow
 b - a +0 short sword
 k - a +1 hand axe of electrocution
 u - a +1 dagger of speed
 H - a +3 quarterstaff of chaos
 J - a +2 long sword of electrocution (weapon)
 L - a cursed -2 dagger
Missiles
 d - 15 bolts
Armour
 g - a +0 ring mail (worn)
 M - a +0 cloak (worn)
 O - a +3 scale mail
Magical Staves
 F - an uncursed staff of fire {unknown}
Jewellery
 h - a ring of see invisible (right hand)
 m - a +3 ring of evasion (left hand)
 p - a +1 ring of evasion
 r - an uncursed ring of see invisible
Wands
 q - a wand of polymorph (10)
 D - a wand of paralysis (10)
Scrolls
 c - 5 scrolls of identify
 i - 3 scrolls of immolation
 n - a scroll of magic mapping {unknown}
 s - 4 scrolls of remove curse
 t - 3 scrolls of teleportation
 w - 2 scrolls of blinking {unknown}
 y - 6 scrolls of random uselessness
 A - a scroll of noise {unknown}
 C - a scroll of amnesia
 E - a scroll of fear {unknown}
 G - a scroll of enchant armour {unknown}
 K - a scroll of acquirement {unknown}
Potions
 e - 8 potions of degeneration
 j - 3 potions of brilliance
 l - a potion of lignification {unknown}
 v - a potion of haste
 x - 4 potions of flight
 z - 2 potions of ambrosia
 B - 3 potions of mutation
 I - a potion of agility {unknown}
Comestibles
 f - 12 rations
 o - a chunk of flesh


   Skills:
 + Level 8.0 Fighting
 - Level 8.2(8.5) Short Blades
 + Level 2.1(3.9) Long Blades
 - Level 4.8 Axes
 + Level 9.6 Crossbows
 - Level 2.4 Dodging
 - Level 1.3 Stealth
 + Level 2.9 Invocations


You had 9 spell levels left.
You didn't know any spells.
Your spell library contained the following spells:

 Spells                   Type           Power        Failure   Level  Hunger
 Corona                   Hex            #......      54%         1    ##.....
 Slow                     Hex            #.......     69%         2    ###....
 Inner Flame              Hex/Fire       #.......     89%         3    ####...
 Portal Projectile        Hex/Tloc       #.....       89%         3    ####...
 Cause Fear               Hex            #.........   100%        4    #####..
 Leda's Liquefaction      Hex/Erth       #.........   100%        4    #####..


Dungeon Overview and Level Annotations

Branches:
Dungeon (8/15)             Temple (1/1) D:6
   Lair: D:8-11

Altars:
Ashenzari
Dithmenos
Elyvilon
Fedhas
Gozag
Hepliaklqana
Kikubaaqudgha
Okawaru
Qazlal
Ru
Sif Muna
Trog
Uskayaw
Vehumet
Wu Jian
Xom
Yredelemnul
Zin

Shops:
D:6 !   D:7 !

Annotations:
D:3 2 transporters, Arcanglegabrial's ghost, amateur FoFi; Grinder
D:5 Pikel
D:7 1 runed translucent door
D:8 Grum


Innate Abilities, Weirdness & Mutations

You are small and have problems with some larger weapons.
You are carnivorous and can eat meat at any time.


Message History

Grum hits you with a -1 spear of flaming.
Grum burns you. The wolf barely misses you.
You riposte.
You miss the wolf. You closely miss Grum.
Grum is lightly wounded.
The wolf barely misses you. The wolf bites you! The wolf barely misses you.
Grum points his finger and grunts, "Attack!"
Grum hits you with a -1 spear of flaming!
* * * LOW HITPOINT WARNING * * *
Grum burns you.
* * * LOW HITPOINT WARNING * * *
The wolf misses you.
You riposte.
You hit the wolf. Lightning courses through the wolf!
The wolf is severely wounded.
Okay, then.
Okay, then.
The wolf bites you.
* * * LOW HITPOINT WARNING * * *
The wolf completely misses you.
Grum hits you from afar with a -1 spear of flaming.
You die...

.### #### ..... #.%.. ...
#.... # ..# #..# ###
..########'#######'####..
..'...............)......
#.....h................
#...gh@.....$..........
####'###..######.###..#
#.###..##..##.######
#.......)........)...
#.....[.......≈≈≈))≈≈
##########..#.≈##.##≈
#.######..#.≈#...#≈
#...........≈#.∩.#≈
#...........≈#...#≈


You could see Grum and 2 wolves.

Vanquished Creatures
  Prince Ribbit (D:7)
  Menkaure (D:7)
  2 slaves (D:5)
  A phantom (D:6)
  3 sky beasts
  6 orc warriors (Bailey)
  2 ogres
  3 centaurs
  2 bullfrogs
  A crimson imp (D:6)
  2 centaur zombies (Ossuary)
  4 hounds
  A gnoll shaman (D:5)
  Crazy Yiuf (D:7)
  2 orc priests
  A centaur skeleton (D:7)
  A human zombie (Ossuary)
  2 jellies
  6 orc wizards
  Jessica (D:3)
  Natasha (D:2)
  4 bullfrog skeletons
  6 worker ants
  2 iguanas
  A big kobold zombie (Ossuary)
  2 hound skeletons (D:4)
  5 mummies (Ossuary)
  11 adders
  14 gnolls
  A howler monkey skeleton (D:5)
  A shadow imp (D:7)
  An adder skeleton (D:5)
  A worm (D:3)
  3 leopard geckos
  44 orcs
  3 giant cockroaches
  A gnoll zombie (Ossuary)
  19 hobgoblins
  6 jackals
  9 kobolds
  A quokka (D:3)
  A ball python (D:7)
  13 bats
  4 frilled lizards
  26 goblins
  A goblin zombie (Ossuary)
  A kobold zombie (Ossuary)
  An orc zombie (Ossuary)
  9 rats
  2 fungi (D:7)
237 creatures vanquished.

Notes
Turn   | Place    | Note
-------+----------+-------------------------------------------
     0 | D:1      | IBeShadow the Kobold Hunter began the quest for the Orb.
     0 | D:1      | Reached XP level 1. HP: 12/12 MP: 1/1
   309 | D:1      | Reached skill level 1 in Short Blades
   309 | D:1      | Reached XP level 2. HP: 18/18 MP: 2/2
   311 | D:1      | Reached skill level 5 in Crossbows
   501 | D:1      | Reached XP level 3. HP: 11/22 MP: 3/3
  2299 | D:2      | Reached XP level 4. HP: 28/28 MP: 4/4
  2317 | D:2      | Found a deep blue altar of Sif Muna.
  3126 | D:3      | Found a transporter.
  3127 | D:3      | Noticed Arcanglegabrial's ghost (amateur FoFi)
  3200 | D:3      | Found a faded altar of an unknown god.
  3284 | D:3      | Noticed Grinder
  3443 | D:3      | Noticed Natasha
  3450 | D:2      | Killed Natasha
  3450 | D:2      | Reached XP level 5. HP: 23/32 MP: 5/5
  3566 | D:3      | Reached skill level 1 in Axes
  3993 | D:3      | Noticed Jessica
  4014 | D:3      | Killed Jessica
  4020 | D:3      | Reached XP level 6. HP: 29/38 MP: 6/6
  4273 | D:3      | Paralysed by Grinder for 3 turns
  4517 | D:3      | Found a transporter.
  4600 | D:4      | Found an opulent altar of Gozag.
  4622 | D:4      | Reached skill level 6 in Crossbows
  5004 | D:4      | Reached XP level 7. HP: 40/44 MP: 7/7
  6085 | D:5      | Entered Level 5 of the Dungeon
  6397 | D:5      | Reached skill level 5 in Short Blades
  6434 | D:5      | Found a sand-covered staircase.
  6442 | Ossuary  | Entered an ossuary
  6536 | Ossuary  | Reached skill level 5 in Fighting
  6551 | Ossuary  | Reached skill level 7 in Crossbows
  6551 | Ossuary  | Reached XP level 8. HP: 39/49 MP: 8/8
  7187 | D:5      | Found an ornate altar of the Wu Jian Council.
  7638 | D:5      | Found a stormy altar of Qazlal.
  7779 | D:5      | Noticed Pikel
  8255 | D:6      | Reached skill level 8 in Crossbows
  8347 | D:6      | Found Buor's Distillery.
  8406 | D:6      | Reached XP level 9. HP: 52/55 MP: 9/9
  9092 | D:6      | Found a staircase to the Ecumenical Temple.
  9366 | Temple   | Entered the Ecumenical Temple
  9720 | D:7      | Noticed Menkaure
 10349 | D:7      | Found an ancient bone altar of Kikubaaqudgha.
 10351 | D:7      | Found a blossoming altar of Fedhas.
 10485 | D:7      | Noticed a +0 dagger
 10487 | D:7      | Found a hide-covered altar of Uskayaw.
 10487 | D:7      | Noticed a +0 hand axe
 10508 | D:7      | Noticed Prince Ribbit
 10520 | D:7      | Killed Prince Ribbit
 10642 | D:7      | Found a runed translucent door.
 10642 | D:7      | Noticed a sixfirhy
 10681 | D:7      | Found Oraosaar's Distillery.
 10694 | D:7      | Found an iron altar of Okawaru.
 10696 | D:7      | Found a white marble altar of Elyvilon.
 10725 | D:7      | Became a worshipper of Warmaster Okawaru
 10919 | D:7      | Killed Menkaure
 10919 | D:7      | Reached skill level 9 in Crossbows
 10944 | D:7      | Bought a potion of might for 52 gold pieces
 10944 | D:7      | Bought a potion of heal wounds for 65 gold pieces
 11122 | D:7      | Found a runed translucent door.
 11123 | D:7      | Noticed Crazy Yiuf
 11131 | D:7      | Killed Crazy Yiuf
 11281 | D:8      | Found an ornate altar of the Wu Jian Council.
 11553 | D:8      | Reached skill level 1 in Invocations
 11566 | D:8      | Found a flagged portal.
 11585 | Bailey   | Entered a bailey
 11692 | Bailey   | Reached skill level 1 in Long Blades
 11692 | Bailey   | Reached XP level 10. HP: 39/63 MP: 9/11
 11991 | Bailey   | Reached * piety under Okawaru
 12575 | D:8      | Noticed Grum
 12584 | D:8      | Slain by Grum

Skill      XL: |  1  2  3  4  5  6  7  8  9 10 |
---------------+-------------------------------+-----
Short Blades   | 1 2 3 4 5 6 8 |  8.2
Crossbows      | 5 6 7 8 9 |  9.6
Fighting       | 3 4 5 6 7 8 |  8.0
Axes           | 1 2 3 4 |  4.8
Invocations    | 1 2 |  2.9
Long Blades    | 1 2 |  2.1
Dodging        | |  2.4
Stealth        | |  1.3

Action                   |  1- 3 |  4- 6 |  7- 9 | 10-12 || total
-------------------------+-------+-------+-------+-------++-------
Melee: Short sword       |   100 |       |       |       ||   100
       Hand axe          |    14 |   113 |   369 |       ||   496
       Long sword        |       |       |    58 |    85 ||   143
 Fire: Hand crossbow     |    22 |    27 |    62 |    17 ||   128
Evoke: Wand              |       |       |     1 |     1 ||     2
  Use: Scroll            |       |     3 |     8 |       ||    11
       Potion            |       |     3 |     4 |     9 ||    16
 Stab: Sleeping          |     1 |       |     1 |       ||     2
       Distracted        |       |       |     1 |       ||     1
       Paralysed         |       |       |     3 |     5 ||     8
  Eat: Chunk             |    13 |     8 |    21 |     4 ||    46
Armor: Ring mail         |    62 |    64 |    96 |    11 ||   233
Dodge: Dodged            |   120 |   136 |   349 |    95 ||   700
       Rpst.: Long sword |       |       |    18 |    26 ||    44
